 Dungeon Crawl Stone Soup version 0.28.0 (webtiles) character file.

Game seed: 4547314921036805863

191 lonewolfV2 the Covered (level 5, -4/41 HPs)
             Began as a Demonspawn Fighter on Feb 10, 2022.
             Was a Follower of Yredelemnul.
             Slain by themarg's ghost (13 damage)
             ... on level 4 of the Dungeon.
             The game lasted 00:04:35 (4059 turns).

lonewolfV2 the Covered (Demonspawn Fighter)         Turns: 4059, Time: 00:04:35

Health: -4/41      AC:  9    Str: 16 (19) XL:     5   Next: 41%
Magic:  5/5        EV:  9    Int:  6 (9)  God:    Yredelemnul [*.....]
Gold:   129        SH:  4    Dex: 11 (12) Spells: 4/4 levels left

rFire   . . .      SeeInvis .   a - +0 war axe
rCold   . . .      Faith    .   c - +0 buckler
rNeg    . . .      Spirit   .   b - +0 scale mail
rPois   .          Reflect  .   (no helmet)
rElec   .          Harm     .   (no cloak)
rCorr   .          Rampage  .   (no gloves)
Will    .....                   (no boots)
Stlth   ..........              (no amulet)
HPRegen 0.13/turn               (no ring)
MPRegen 0.09/turn               (no ring)

@: mighty
A: hooves 1, yellow scales 1, ignite blood 1
a: Renounce Religion, Recall Undead Harvest


You were on level 4 of the Dungeon.
You worshipped Yredelemnul.
Yredelemnul was noncommittal.
You visited 1 branch of the dungeon, and saw 4 of its levels.

You collected 129 gold pieces.

Inventory:

Hand Weapons
 a - a +0 war axe (weapon)
Armour
 b - a +0 scale mail (worn)
 c - a +0 buckler (worn)
Scrolls
 f - a scroll of vulnerability {unknown}
 g - 2 scrolls of identify
 i - 3 scrolls of enchant armour {unknown}
 j - a scroll of immolation {unknown}
 k - a scroll of blinking


   Skills:
 + Level 3.4 Fighting
 + Level 3.2 Axes
 + Level 3.8 Armour
 + Level 1.0 Dodging
 + Level 0.2 Stealth
 + Level 3.3 Shields
 + Level 0.3 Invocations


You had 4 spell levels left.
You didn't know any spells.
Your spell library contained the following spells:

 Spells                   Type           Power      Damage    Failure   Level
 Static Discharge         Conj/Air       0%         N/A       98%         2
 Sublimation of Blood     Necr           0%         N/A       98%         2
 Wereblood                Tmut           0%         N/A       98%         2
 Lightning Bolt           Conj/Air       0%         1d11      100%        5
 Summon Hydra             Summ           0%         N/A       100%        7
 Maxwell's Capacitive Co  Air            0%         ∞         100%        8


Dungeon Overview and Level Annotations

Branches:
Dungeon (4/15)
 Temple: D:4-7

Altars:
Yredelemnul

Shops:
D:1 !   D:3 !

Annotations:
D:4 themarg's ghost, novice MiBe


Innate Abilities, Weirdness & Mutations

You have large cloven feet.
You are partially covered in yellow scales. (AC +2)
Your demonic aura sometimes causes spilled blood to erupt in flames.


Message History

Your hobgoblin zombie hits themarg's ghost but does no damage.
Your adder zombie closely misses themarg's ghost.
It was a potion of degeneration.
There was something very wrong with that liquid.
You feel weakened.
You feel dopey.
You feel clumsy. You block themarg's ghost's attack.
Your adder zombie barely misses themarg's ghost.
Your hobgoblin zombie hits themarg's ghost.
It was a potion of cancellation.
You feel magically purged. Themarg's ghost hits you.
* * * LOW HITPOINT WARNING * * *
Your adder zombie closely misses themarg's ghost.
Your hobgoblin zombie barely misses themarg's ghost.
You feel very mighty all of a sudden.
Themarg's ghost hits you but does no damage.
Your adder zombie closely misses themarg's ghost.
You closely miss themarg's ghost.
Themarg's ghost is moderately damaged.
Your adder zombie misses themarg's ghost.
Themarg's ghost barely misses you.
Your hobgoblin zombie barely misses themarg's ghost.
Your adder zombie closely misses themarg's ghost.
Themarg's ghost hits you but does no damage.
You closely miss themarg's ghost. You kick themarg's ghost.
Themarg's ghost is moderately damaged.
Your hobgoblin zombie barely misses themarg's ghost.
Your adder zombie closely misses themarg's ghost.
Themarg's ghost hits you but does no damage.
Your hobgoblin zombie hits themarg's ghost but does no damage.
You slash themarg's ghost! Your kick misses themarg's ghost.
Themarg's ghost is heavily damaged.
Your adder zombie bites themarg's ghost.
Themarg's ghost closely misses you.
Your hobgoblin zombie hits themarg's ghost but does no damage.
Your adder zombie misses themarg's ghost.
You hit themarg's ghost. You kick themarg's ghost!
Themarg's ghost is severely damaged.
Themarg's ghost hits you!
You die...
Your body rises from the dead as a mindless zombie.

##...##⌠##...#.#
#...##...##....#
#..##.....##...#
#..#⌠.?♣!.⌠#...#
#..##.....##Z..#
#...##...##....#
##...##.##.....#
##...#W#.....##
##..Z@Z....##
##.......##
###....## ######


You could see themarg's ghost (ally target), a friendly adder zombie, a friendly
worm zombie and a friendly hobgoblin zombie.

Vanquished Creatures
  6 adders
  An ufetubus (D:4)
  An adder skeleton (D:4)
  3 worms
  A dart slug (D:3)
  3 orcs
  A bat (D:1)
  4 endoplasms
  5 giant cockroaches
  4 goblins
  6 hobgoblins
  5 kobolds
  6 ball pythons
  6 rats
52 creatures vanquished.

Vanquished Creatures (collateral kills)
  A howler monkey (D:4)
  A hound skeleton (D:4)
  An ufetubus (D:3)
  3 orcs
  A bat (D:3)
  A rat (D:2)
8 creatures vanquished.

Vanquished Creatures (others)
  An adder zombie (D:3)
  A giant cockroach zombie (D:3)
2 creatures vanquished.

Grand Total: 62 creatures vanquished

Notes
Turn   | Place    | Note
-------+----------+-------------------------------------------
     0 | D:1      | lonewolfV2 the Demonspawn Fighter began the quest for the
                  | Orb.
     0 | D:1      | Reached XP level 1. HP: 18/18 MP: 1/1
   187 | D:1      | Gained mutation: Your demonic aura sometimes causes spilled
                  | blood to erupt in flames. [demonic ancestry]
   187 | D:1      | Reached XP level 2. HP: 22/24 MP: 2/2
   249 | D:1      | Found Hoicen's Distillery.
   572 | D:1      | Found a faded altar of an unknown god.
  1026 | D:2      | Gained mutation: You are partially covered in yellow
                  | scales. (AC +2) [demonic ancestry]
  1026 | D:2      | Reached XP level 3. HP: 14/29 MP: 3/3
  1608 | D:2      | Found a basalt altar of Yredelemnul.
  1647 | D:2      | Became a worshipper of Yredelemnul the Dark
  2036 | D:2      | Reached * piety under Yredelemnul
  2315 | D:3      | Gained mutation: You have large cloven feet. [demonic
                  | ancestry]
  2315 | D:3      | Reached XP level 4. HP: 23/35 MP: 4/4
  2733 | D:3      | Found Duax's Distillery.
  3459 | D:4      | Reached XP level 5. HP: 11/41 MP: 5/5
  3997 | D:4      | Reached skill level 1 in Dodging
  4023 | D:4      | Noticed themarg's ghost (novice MiBe)
  4026 | D:4      | Found a runed translucent door.
  4059 | D:4      | Slain by themarg's ghost

Illustrated notes

Levels and vault maps discovered:
D:1:      dpeg_arrival_chambers_temple_mockup, layout_basic, serial_shops, shop,
          shapermc_ecumenical_altar_pompeii
D:2:      minmay_door_path, layout_loops_ring, basic_altar
D:3:      layout_rooms, serial_shops, shop, serial_glass, glass_columns_b,
          glass_columns_a, minmay_misc_feat_secret_circle
D:4:      layout_gridville, hellmonk_ghost_happy_afterlife

Skill      XL: |  1  2  3  4  5 |
---------------+----------------+-----
Axes           | 2 3 |  3.2
Armour         | 3 |  3.8
Shields        | 3 |  3.3
Dodging        | 1 |  1.0
Fighting       | |  3.4
Stealth        | |  0.2
Invocations    | |  0.3

Action                   |  1- 3 |  4- 6 || total
-------------------------+-------+-------++-------
Melee: War axe           |    97 |    74 ||   171
       Kick              |       |    14 ||    14
Invok: Recall Undead Har |       |     6 ||     6
  Use: Scroll            |     4 |       ||     4
       Potion            |       |     4 ||     4
Armor: Scale mail        |    57 |    55 ||   112
Dodge: Dodged            |    62 |    64 ||   126
Block: Buckler           |    31 |    34 ||    65
